 Dungeon Crawl Stone Soup version 0.24.0-13-gcf9b319 (webtiles) character file.

Game seed: 18032495522331191550, levelgen mode: deterministic

197095 Fang the Warrior (level 18, -10/180 HPs)
             Began as a Gargoyle Berserker on Dec 5, 2019.
             Was the Champion of Trog.
             Mangled by an alligator snapping turtle (27 damage)
             ... on level 2 of the Shoals.
             The game lasted 00:39:52 (28682 turns).

Fang the Warrior (Gargoyle Berserker)              Turns: 28682, Time: 00:39:53

Health: -10/180    AC: 47    Str: 36    XL:     18   Next: 39%
Magic:  18/18      EV: 13    Int:  6    God:    Trog [******]
Gold:   2164       SH: 24    Dex:  6    Spells: 17/17 levels left

rFire    + . .     SeeInvis +   L - +10 war axe of Wrath {chop, +Rage rElec rN+ Int-4}
rCold    + . .     Gourm    .   B - +2 large shield
rNeg     + + .     Faith    .   b - +4 plate armour {rC+}
rPois    ∞         Spirit   .   r - +2 helmet
rElec    +         Reflect  +   (no cloak)
rCorr    .         Harm     .   J - +3 pair of gloves "Ufotruc" {rF+ MR- Str+4}
MR       +++..                  E - +2 pair of boots of the Assassin {Detection Stab+ Stlth++}
Stlth    ..........             h - +3 amulet of reflection
HPRegen  1.40/turn              C - ring of Doimeylu {+Fly MR+ Dex-3 SInv Stlth+}
MPRegen  0.16/turn              u - +4 ring of evasion

@: berserking, flying, regenerating, very quick
A: big wings, negative energy resistance 1, electricity resistance, unbreathing,
petrification resistance, rot immunity, AC +13
}: 1/15 runes: serpentine
a: Stop Flying, Berserk, Trog's Hand, Brothers in Arms, Renounce Religion, Evoke
Berserk Rage


You were on level 2 of the Shoals.
You worshipped Trog.
Trog was exalted by your worship.
You were very hungry.

You visited 7 branches of the dungeon, and saw 31 of its levels.

You collected 2468 gold pieces.
You spent 304 gold pieces at shops.

Inventory:

Hand Weapons
 a - a +5 broad axe of freezing
 A - a +2 war axe of draining
 L - the +10 war axe of Wrath (weapon) {chop, +Rage rElec rN+ Int-4}
   (Trog gifted it to you on level 1 of the Orcish Mines)

   It inflicts extra damage upon your enemies.
   It affects your intelligence (-4).
   It insulates you from electricity.
   It protects you from negative energy.
   It lets you go berserk.
Armour
 b - a +4 plate armour of cold resistance (worn)
 i - the +1 pair of gloves of Xuarasic {-Tele +Inv rElec Regen+}
   (You bought it in a shop on level 7 of the Dungeon)

   It insulates you from electricity.
   It lets you turn invisible.
   It prevents most forms of teleportation.
   It increases your rate of regeneration.
 r - a +2 helmet (worn)
 B - a +2 large shield (worn)
 E - the +2 pair of boots of the Assassin (worn) {Detection Stab+ Stlth++}
   (You acquired it on level 1 of the Lair of Beasts)

   It makes you much more stealthy.
 J - the +3 pair of gloves "Ufotruc" (worn) {rF+ MR- Str+4}
   (You acquired it on level 1 of the Lair of Beasts)

   It affects your strength (+4).
   It protects you from fire.
   It affects your resistance to hostile enchantments.
Jewellery
 h - a +3 amulet of reflection (around neck)
 k - the amulet "Abiojeq" {RegenMP +Fly rF- rC+++ Dex+3}
   (You found it on level 5 of the Lair of Beasts)

   [amulet of magic regeneration]

   It increases your magic regeneration.
   It affects your dexterity (+3).
   It makes you vulnerable to fire.
   It renders you almost immune to cold.
   It lets you fly.
 s - an uncursed ring of protection from fire
 u - a +4 ring of evasion (right hand)
 x - an uncursed ring of protection from cold
 y - a +5 ring of protection
 C - the ring of Doimeylu (left hand) {+Fly MR+ Dex-3 SInv Stlth+}
   (You found it on level 12 of the Dungeon)

   [ring of protection from magic]

   It affects your dexterity (-3).
   It affects your resistance to hostile enchantments.
   It lets you see invisible.
   It lets you fly.
   It makes you more stealthy.
 M - an uncursed ring of resist corrosion
Wands
 d - a wand of polymorph (26)
 n - a wand of disintegration (36)
 t - a wand of iceblast (5)
 D - a wand of enslavement (10)
 G - a wand of flame (34)
 N - a wand of random effects (20)
 P - a wand of acid (4)
Scrolls
 e - 6 scrolls of blinking
 f - 2 scrolls of fear
 g - 7 scrolls of remove curse
 l - 11 scrolls of teleportation
 F - 16 scrolls of identify
 K - 4 scrolls of fog
 O - a scroll of holy word
Potions
 j - 4 potions of agility
 m - a potion of invisibility
 o - 7 potions of mutation
 p - 7 potions of might
 q - 7 potions of heal wounds
 v - 16 potions of curing
 w - 5 potions of haste
 z - a potion of resistance
 H - 2 potions of ambrosia
Comestibles
 c - 44 rations


   Skills:
 + Level 16.3 Fighting
 + Level 14.0 Axes
 + Level 16.1 Armour
 + Level 12.9 Dodging
 + Level 11.3 Stealth
 + Level 9.9 Shields


You had 17 spell levels left.
You didn't know any spells.
Your spell library was empty.

Dungeon Overview and Level Annotations

Branches:
Dungeon (15/15)            Temple (1/1) D:4            Lair (6/6) D:11
 Shoals (2/4) Lair:3        Snake (4/4) Lair:2        Slime (0/5) Lair:5
    Orc (2/2) D:11            Elf (0/3) Orc:2        Vaults (0/5) D:14
 Depths (1/5) D:15

Altars:
Cheibriados
Fedhas
Hepliaklqana
Makhleb
Qazlal
Ru
Sif Muna
Vehumet
Zin
The Shining One

Shops:
D:7 ([[?   D:15 *:%   Orc:2 :!?[*   Snake:3 ((%*

Annotations:
D:5 3 runed translucent doors, ClockworkOrrery's ghost, novice GnMo; Naeght's ghost, novice DECj; beanscad's ghost, amateur TrCK
D:10 exclusion: ice statue
Lair:3 exclusion: 4 oklob plants
Snake:2 2 transporters
Snake:3 2 transporters, grey's ghost, adept SpEn
Orc:2 2 transporters, chudichudichudi's ghost, journeyman GnFi


Innate Abilities, Weirdness & Mutations

You are resistant to torment.
Your stone body is resilient. (AC +13)
You are immune to poison.
Your large and strong wings let you fly indefinitely.
You resist negative energy. (rN+)
You are resistant to electric shocks. (rElec)
You can survive without breathing.
You are immune to petrification.
You are immune to rotting.


Message History

You hit the alligator snapping turtle but do no damage.
You slash the alligator snapping turtle!
You block the alligator snapping turtle's attack.
You slice the alligator snapping turtle!!
The alligator snapping turtle is severely wounded.
You hit the alligator snapping turtle.
You block the alligator snapping turtle's attack.
The alligator snapping turtle closely misses you.
You carve the alligator snapping turtle like a ham!!!
The alligator snapping turtle is almost dead.
You hit the alligator snapping turtle.
You hear a shout!
A merfolk comes into view.
It is wielding a +2 trident of piercing.
The alligator snapping turtle bites you but does no damage.
You hit the alligator snapping turtle but do no damage.
The alligator snapping turtle is almost dead.
You hit the alligator snapping turtle.
You block the alligator snapping turtle's attack.
The alligator snapping turtle bites you!!
You die...

...!......#
.........%....(..%.# #.
.........m..≈...... ###...
............≈≈....# ..?.P≈≈
........(...≈..(((##..≈≈.≈≈
≈...≈≈≈.....≈.≈.!###..≈P≈≈≈
≈..≈≈≈≈≈..t≈≈.≈†)).≈≈≈≈≈≈≈P
≈.≈≈≈≈≈≈≈t)....)(.≈≈≈≈≈≈≈≈≈
≈(≈≈≈≈≈≈≈)@)≈.))..≈≈≈≈≈≈≈≈≈
/.≈≈≈≈≈≈≈t).≈≈≈≈..≈≈≈$≈≈≈≈≈
...≈≈≈≈≈....≈≈≈.....≈≈≈≈≈≈≈
:...≈≈≈.?...≈≈≈.(##.≈≈≈≈≈≈≈
............≈≈≈./##.≈≈≈≈≈≈≈
............≈≈≈.....≈≈≈≈≈≈≈
≈..........≈≈≈≈≈..≈≈≈≈≈÷≈≈≈
≈≈........≈≈≈≈≈≈≈≈≈≈≈≈≈≈≈≈≈
≈≈≈≈≈≈≈≈≈≈≈≈≈≈≈≈≈≈≈≈≈≈≈≈


You could see 3 alligator snapping turtles and a merfolk.

Vanquished Creatures
  Bai Suzhen (Snake:3)
  Gastronok (D:8)
  2 krakens (Shoals:1)
  7 nagarajas
  Donald (Shoals:1)
  An orc warlord (Orc:2)
  Aizul (Shoals:1)
  2 merfolk impalers
  8 vault guards (D:14)
  4 hydras
  A death knight (D:13)
  Harold (D:7)
  7 naga warriors
  4 centaur warriors
  10 anacondas
  2 merfolk aquamancers
  A merfolk avatar (Shoals:2)
  An ogre mage (D:15)
  7 two-headed ogres
  2 tengu warriors
  5 naga sharpshooters
  3 shock serpents
  A salamander mystic (Snake:2)
  7 unseen horrors
  7 sea snakes
  6 naga ritualists
  A phantasmal warrior (D:13)
  5 orc knights
  8 mana vipers
  An oklob plant (Lair:5)
  3 harpies (Shoals:2)
  A wolf spider (D:15)
  2 orc sorcerers (Orc:2)
  7 ugly things
  11 fauns
  8 manticores
  A merfolk siren (Shoals:1)
  9 salamanders
  5 cyclopes
  6 centaur zombies
  18 elephants
  36 black mambas
  Joseph (D:8)
  2 guardian serpents (Snake:4)
  A torpor snail (Lair:5)
  16 naga magi
  A centaur skeleton (D:15)
  17 spiny frogs
  A gargoyle (D:10)
  6 rime drakes
  A kobold demonologist (D:12)
  A water nymph (Shoals:1)
  4 komodo dragons
  2 freezing wraiths (D:13)
  11 merfolk
  3 meliai
  A tengu conjurer (D:14)
  2 ice devils (Lair:1)
  2 trolls
  4 red devils (D:13)
  A queen bee (Lair:5)
  A merfolk (shapeshifter) (D:15)
  9 polar bears (Lair:6)
  3 hornets
  Prince Ribbit (D:7)
  5 snapping turtles (Shoals:1)
  2 raiju (Lair:6)
  A meliai zombie (D:14)
  9 slime creatures
  18 blink frogs
  12 hippogriffs
  8 wyverns
  3 wraiths
  2 shadows
  59 yaks
  2 vampires (D:14)
  3 water elementals
  Eustachio (D:5)
  8 basilisks
  4 hungry ghosts
  54 nagas
  A soldier ant (D:14)
  5 wargs
  An acid dragon (D:14)
  13 water moccasins
  15 hell hounds
  13 black bears
  10 porcupines
  35 orc warriors
  6 sky beasts
  2 ice beasts (D:15)
  A phantom (D:6)
  An eye of draining (D:13)
  9 ogres
  32 wolves
  21 centaurs
  9 crocodiles
  2 big kobolds
  13 bullfrogs
  Blork the orc (D:5)
  3 wyvern skeletons
  A water moccasin zombie (D:5)
  2 scorpions
  31 killer bees
  8 wights
  An electric eel (Lair:3)
  4 howler monkeys
  6 crimson imps
  3 bullfrog zombies
  6 hounds
  9 jellies
  18 orc wizards
  Crazy Yiuf (D:2)
  A gnoll shaman (D:5)
  9 orc priests
  2 bullfrog skeletons (D:5)
  Ijyb (D:3)
  3 iguanas
  7 worker ants
  A hell rat (Lair:5)
  A hound zombie (D:11)
  Robin (D:2)
  11 gnolls
  11 adders
  3 shadow imps (D:5)
  6 oozes
  2 worms
  A dart slug (D:2)
  6 leopard geckos
  60 orcs
  5 giant cockroaches
  18 goblins
  19 hobgoblins
  7 jackals
  5 quokkas
  8 bats
  4 frilled lizards
  20 kobolds
  A leopard gecko skeleton (D:4)
  5 rats
  6 fungi
  6 plants
  4 tentacles (Shoals:1)
  2 toadstools (D:1)
1016 creatures vanquished.

Vanquished Creatures (collateral kills)
  A rakshasa (D:14)
  5 hydras
  A death yak (Lair:5)
  A manticore (Lair:5)
  A spiny frog (Lair:5)
  A wyvern (Lair:3)
  A warg (Lair:6)
  2 hell hounds (Lair:6)
  2 wolves (Lair:6)
15 creatures vanquished.

Vanquished Creatures (others)
  A centaur warrior (D:15)
  2 naga sharpshooters (Snake:4)
  A tengu conjurer (D:13)
  A naga (Snake:4)
  3 orc warriors (Orc:2)
  5 centaurs
  An orc (Orc:2)
  3 bushes (D:11)
  7 fungi
  27 plants
  6 tentacles (Shoals:1)
  2 toadstools (D:1)
  3 withered plants (D:5)
62 creatures vanquished.

Grand Total: 1093 creatures vanquished

Notes
Turn   | Place    | Note
-------+----------+-------------------------------------------
     0 | D:1      | Fang the Gargoyle Berserker began the quest for the Orb.
     0 | D:1      | Reached XP level 1. HP: 14/14 MP: 1/1
   125 | D:1      | Reached XP level 2. HP: 15/19 MP: 2/2
   665 | D:2      | HP: 1/28 [worm (9)]
   670 | D:2      | Reached XP level 3. HP: 2/23 MP: 3/3
  1101 | D:2      | Reached ** piety under Trog
  1234 | D:2      | Found a shimmering blue altar of Sif Muna.
  1260 | D:2      | Reached XP level 4. HP: 29/29 MP: 4/4
  1276 | D:2      | Noticed Robin
  1281 | D:2      | Killed Robin
  1551 | D:2      | Found a runed translucent door.
  1552 | D:2      | Noticed Crazy Yiuf
  1657 | D:2      | Reached XP level 5. HP: 33/33 MP: 5/5
  1748 | D:2      | Killed Crazy Yiuf
  1919 | D:3      | Noticed Ijyb
  1933 | D:3      | Killed Ijyb
  2003 | D:3      | Found a burning altar of Makhleb.
  2010 | D:3      | Reached XP level 6. HP: 34/39 MP: 6/6
  2102 | D:3      | Reached *** piety under Trog
  2326 | D:3      | Found a hazy altar of Hepliaklqana.
  3040 | D:4      | Reached skill level 5 in Fighting
  3090 | D:4      | Reached XP level 7. HP: 34/44 MP: 7/7
  3461 | D:4      | Found a staircase to the Ecumenical Temple.
  3560 | Temple   | Entered the Ecumenical Temple
  3803 | D:4      | Found a blossoming altar of Fedhas.
  4403 | D:5      | Entered Level 5 of the Dungeon
  4411 | D:5      | Noticed Eustachio
  4444 | D:5      | Reached skill level 5 in Armour
  4676 | D:5      | Reached XP level 8. HP: 41/51 MP: 8/8
  4700 | D:5      | Killed Eustachio
  4700 | D:5      | Reached skill level 5 in Axes
  4767 | D:5      | Found a runed translucent gate.
  4768 | D:5      | Found a runed translucent gate.
  4770 | D:5      | Found a runed translucent gate.
  4783 | D:5      | Noticed beanscad's ghost (amateur TrCK)
  4783 | D:5      | Noticed ClockworkOrrery's ghost (novice GnMo)
  4784 | D:5      | Noticed Naeght's ghost (novice DECj)
  5159 | D:5      | Noticed Blork the orc
  5167 | D:5      | Reached **** piety under Trog
  5173 | D:5      | Killed Blork the orc
  5654 | D:6      | Reached XP level 9. HP: 56/56 MP: 9/9
  6159 | D:7      | Reached skill level 5 in Dodging
  6233 | D:7      | Found Mymyig's Magic Scroll Shop.
  6393 | D:7      | Found Menudifav's Armour Boutique.
  6500 | D:7      | Noticed Harold
  6563 | D:7      | Killed Harold
  6631 | D:7      | Found Duc Nof's Weapon Shoppe.
  6665 | D:7      | Reached XP level 10. HP: 37/64 MP: 10/10
  6890 | D:7      | Noticed Prince Ribbit
  6918 | D:7      | Killed Prince Ribbit
  6944 | D:7      | Found Yrugehi's Antique Armour Emporium.
  7188 | D:7      | Bought a pair of spiked gloves for 304 gold pieces
  7193 | D:7      | Identified the +1 pair of gloves of Xuarasic {-Tele +Inv
                  | rElec Regen+} (You bought it in a shop on level 7 of the
                  | Dungeon)
  7383 | D:8      | Found a blossoming altar of Fedhas.
  7399 | D:8      | Noticed Joseph
  7414 | D:8      | Killed Joseph
  7611 | D:8      | Noticed Gastronok
  7624 | D:8      | Killed Gastronok
  8152 | D:9      | Reached XP level 11. HP: 71/71 MP: 11/11
  8174 | D:9      | Reached ***** piety under Trog
  8197 | D:9      | Paralysed by fainting for 9 turns
  8486 | D:10     | Entered Level 10 of the Dungeon
  8494 | D:10     | Reached skill level 10 in Fighting
  8508 | D:10     | You fall into a shaft and drop 2 floors!
  8511 | D:12     | Noticed a cyclops
  8524 | D:12     | Killed a cyclops
  8529 | D:12     | Killed an unseen horror
  8565 | D:12     | Noticed a centaur warrior
  8575 | D:12     | Killed a centaur warrior
  8575 | D:12     | Reached skill level 10 in Armour
  8674 | D:12     | Killed an unseen horror
  8873 | D:12     | Noticed an eight-headed hydra
  8879 | D:12     | Killed an eight-headed hydra
  8920 | D:12     | Noticed a green ugly thing
  8920 | D:12     | Noticed a green ugly thing
  8934 | D:12     | Killed a green ugly thing
  8939 | D:12     | Killed a green ugly thing
  8973 | D:12     | Got a smoking lead ring
  8982 | D:12     | Identified the ring of Doimeylu {+Fly MR+ Dex-3 SInv
                  | Stlth+} (You found it on level 12 of the Dungeon)
  9091 | D:12     | Noticed a two-headed ogre
  9101 | D:12     | Killed a two-headed ogre
  9101 | D:12     | Reached XP level 12. HP: 79/79 MP: 12/12
  9648 | D:11     | Received a gift from Trog
  9694 | D:11     | Found a staircase to the Lair.
  9829 | D:11     | Found a glowing golden altar of the Shining One.
  9848 | D:11     | Reached skill level 10 in Axes
 10044 | D:11     | You fall into a shaft and drop 1 floor!
 10220 | D:11     | Found a staircase to the Orcish Mines.
 10545 | D:10     | Found a sacrificial altar of Ru.
 10546 | D:10     | Noticed a two-headed ogre
 10554 | D:10     | Killed a two-headed ogre
 10593 | D:10     | Found a hazy altar of Hepliaklqana.
 10787 | D:10     | Reached XP level 13. HP: 60/86 MP: 13/13
 11147 | Lair:1   | Entered Level 1 of the Lair of Beasts
 11249 | Lair:1   | Identified 3 scrolls of acquirement
 11252 | Lair:1   | Got a pair of faintly glowing gloves
 11263 | Lair:1   | Identified the +3 pair of gloves "Ufotruc" {rF+ MR- Str+4}
                  | (You acquired it on level 1 of the Lair of Beasts)
 11268 | Lair:1   | Found the +2 pair of boots of the Assassin {Detection Stab+
                  | Stlth++}
 11454 | Lair:1   | Received a gift from Trog
 11769 | Lair:1   | Found a frozen archway.
 12034 | Lair:2   | Found a staircase to the Snake Pit.
 12804 | Lair:3   | Reached skill level 10 in Dodging
 12857 | Lair:3   | Found a gate leading to a gauntlet.
 13114 | Lair:3   | Found a dark tunnel.
 13347 | Lair:3   | Found a staircase to the Shoals.
 13823 | Lair:4   | Gained mutation: Your large and strong wings let you fly
                  | indefinitely. [Gargoyle growth]
 13823 | Lair:4   | Reached XP level 14. HP: 94/94 MP: 14/14
 14550 | Lair:5   | Received a gift from Trog
 14550 | Lair:5   | Reached skill level 1 in Stealth
 14584 | Lair:5   | Reached ****** piety under Trog
 15040 | Lair:5   | Received a gift from Trog
 15762 | Lair:5   | Got a scintillating brass amulet
 15847 | Lair:5   | Found a staircase to the Slime Pits.
 16429 | Lair:6   | Entered Level 6 of the Lair of Beasts
 16823 | Lair:6   | Reached skill level 1 in Shields
 17085 | Lair:6   | Received a gift from Trog
 17464 | Lair:6   | Reached XP level 15. HP: 96/100 MP: 15/15
 17557 | Lair:6   | Reached skill level 5 in Stealth
 17975 | Lair:6   | Identified the amulet "Abiojeq" {RegenMP +Fly rF- rC+++
                  | Dex+3} (You found it on level 5 of the Lair of Beasts)
 18464 | D:13     | Received a gift from Trog
 20038 | D:14     | Found a gate to the Vaults.
 20799 | D:14     | Reached skill level 5 in Shields
 21478 | D:15     | Entered Level 15 of the Dungeon
 21478 | D:15     | Found Bacoal's Food Emporium.
 21510 | D:15     | Found a staircase to the Depths.
 21679 | D:15     | Reached XP level 16. HP: 107/107 MP: 16/16
 22123 | D:15     | Found Ushauf Aher's Book Shop.
 22130 | D:15     | Found Esmo's Assorted Antiques.
 22800 | Depths:1 | Entered Level 1 of the Depths
 22939 | Orc:1    | Entered Level 1 of the Orcish Mines
 22964 | Orc:1    | Received a gift from Trog
 23071 | Orc:2    | Entered Level 2 of the Orcish Mines
 23324 | Orc:2    | Reached skill level 15 in Fighting
 23355 | Orc:2    | Found a transporter.
 23411 | Orc:2    | Found Xocybaum's Magic Scroll Emporium.
 23411 | Orc:2    | Found Biahaq's Antique Armour Shop.
 23411 | Orc:2    | Found Jicurun's Assorted Antiques.
 23463 | Orc:2    | Found Keituvu's Distillery.
 23576 | Orc:2    | Found a transporter.
 23592 | Orc:2    | Noticed chudichudichudi's ghost (journeyman GnFi)
 23632 | Orc:2    | Found Wyxzusm's Book Shop.
 23917 | Orc:2    | Found a staircase to the Elven Halls.
 24094 | Orc:1    | Received a gift from Trog
 24098 | Orc:1    | Got a faintly glowing war axe {god gift}
 24099 | Orc:1    | Identified the +10 war axe of Wrath {chop, +Rage rElec rN+
                  | Int-4} (Trog gifted it to you on level 1 of the Orcish
                  | Mines)
 24305 | Snake:1  | Entered Level 1 of the Snake Pit
 24426 | Snake:1  | Found the +8 autumn katana {slice, Clar}
 24812 | Snake:2  | Noticed a nagaraja
 24876 | Snake:2  | Killed a nagaraja
 25143 | Snake:2  | Reached skill level 15 in Armour
 25452 | Snake:2  | Reached XP level 17. HP: 93/113 MP: 11/17
 25465 | Snake:2  | Found a transporter.
 25465 | Snake:2  | Identified the +7 falchion of Focus {drain, *Contam rPois
                  | Dex+5}
 25597 | Snake:2  | You are sucked into a shaft and drop 1 floor!
 25651 | Snake:3  | Found a snail-covered altar of Cheibriados.
 25777 | Snake:3  | Found a transporter.
 25801 | Snake:3  | Noticed grey's ghost (adept SpEn)
 25818 | Snake:3  | Found a transporter.
 25821 | Snake:3  | Found the ring of Shadows {Umbra +Inv Stlth+}
 25894 | Snake:3  | Found the +8 demon trident "Rift" {distort, reach+}
 25902 | Snake:3  | Received a gift from Trog
 25918 | Snake:3  | Noticed Bai Suzhen
 25919 | Snake:3  | Found Tud Joqi's Food Shop.
 25919 | Snake:3  | Found Rock's Weapon Boutique.
 25920 | Snake:3  | Found Rarhutt's Weapon Boutique.
 25931 | Snake:3  | Killed Bai Suzhen
 25966 | Snake:3  | Found Keleo's Assorted Antiques.
 26122 | Snake:2  | Found a transporter.
 26278 | Snake:2  | Identified the ring "Qiyto" {*Drain +Blink rN+ Dex+6 SInv}
 26304 | Snake:4  | Entered Level 4 of the Snake Pit
 26630 | Snake:4  | Reached skill level 10 in Stealth
 27126 | Snake:4  | Got a serpentine rune of Zot
 27169 | Snake:4  | Received a gift from Trog
 27593 | Shoals:1 | Entered Level 1 of the Shoals
 27665 | Shoals:1 | Reached XP level 18. HP: 120/120 MP: 18/18
 27825 | Shoals:1 | Found a glowing silver altar of Zin.
 27897 | Shoals:1 | Noticed Aizul
 27922 | Shoals:1 | Killed Aizul
 27981 | Shoals:1 | Noticed Donald
 27998 | Shoals:1 | Killed Donald
 28627 | Shoals:2 | Received a gift from Trog
 28682 | Shoals:2 | Mangled by an alligator snapping turtle

Levels and vault maps discovered:
D:1:      ldierk_water_garden, layout_basic, ebering_dispersal_statue_hall,
          minmay_misc_feat_more_columns, minmay_quantized
D:2:      layout_loops_cross, led_sif_pool, uniq_robin, uniq_crazy_yiuf_cottage
D:3:      layout_loops_ring, makhleb_blood_cavern_becter,
          lemuel_coloured_pillars_altar, first_ration, hex_tiny,
          kennysheep_big_empty_room, serial_bayou_lagoon_a, uniq_ijyb
D:4:      minmay_general_purpose_star, layout_loops_corners,
          minmay_temple_entry_purple_smoke, serial_forest,
          infiniplex_forest_lined_2, infiniplex_forest_lined_room_,
          infiniplex_forest_lined_1, infiniplex_forest_clump_curved,
          infiniplex_forest_clump_curved, infiniplex_forest_clump_double,
          infiniplex_forest_lined_2, infiniplex_forest_zigzag_1,
          corexii_hall_statues_i, fedhas_bush_and_centaur_altar
D:5:      layout_basic, gammafunk_ghost_cemetery, uniq_blork_the_orc,
          uniq_eustachio
D:6:      layout_loops_ring
D:7:      layout_loops_corners, serial_shops, shop, shop, shop,
          nicolae_shop_statue_plus, uniq_prince_ribbit1, uniq_harold
D:8:      layout_loops_corners, kennysheep_mini_moat, uniq_gastronok,
          uniq_joseph
D:9:      layout_basic
D:10:     minmay_statue_hallways, layout_rooms, hangedman_feature_mirror
D:11:     layout_stronghold, minmay_lair_entry_grove, orc_0_dummy, basic_altar
D:12:     minmay_curly_fans, layout_irregular_city,
          hangedman_little_slice_of_home
D:13:     cheibrodos_orc_bank, layout_loops_corners, nrook_mini_backslash,
          einodemon_armed_red_devil_minivault
D:14:     layout_grid_maze, erik_vaults_2
D:15:     hangedman_depths_entry_try_elsewhere_first, layout_layer_cave,
          serial_shops, nicolae_shop_temple_entry_statues_fountains, shop,
          nicolae_shop_stone, abandoned_shop, st_stairs_3
Temple:   regret_index_temple_mists
Lair:1:   layout_hall_layers, portal_ice_cave_demonic_guard, grunt_megastairs_2
Lair:2:   layout_chaotic_city, minmay_snake_entry_guardpost_medium,
          minmay_stone_trees_large, hibernation_bobbens
Lair:3:   minmay_lair_venomous_thicket, layout_regular_city,
          elwin_shoals_entry_rocks, enter_volcano_3, gauntlet_entry_generic,
          lemuel_fruit_tree, minmay_lair_oklob_chamber, serial_bayou_shore_a,
          grunt_megastairs_1, infiniplex_staircase_pool
Lair:4:   layout_cave_shapes, serial_bayou_lagoon_b
Lair:5:   regret_index_combs_of_tragedy, layout_concentric_octagons,
          minmay_slime_entry_oklob_enclosed
Lair:6:   hangedman_lair_caniforms_friends, layout_gridlike,
          kennysheep_basilisk_garden, infiniplex_staircase_pool_2
Shoals:1: layout_shoals, wheals_shoals_ruined_temple, uniq_aizul, uniq_donald
Shoals:2: layout_shoals, nicolae_shoals_siren_and_animal_friends
Snake:1:  layout_onion, st_stairs_12
Snake:2:  gammafunk_the_bubble [the_bubble_gammafunk_grid], layout_onion,
          corexii_hall_statues_i, nicolae_snake_squiggles, serial_bayou_shore_b
Snake:3:  layout_rooms, gammafunk_ghost_berserking_beasts, basic_altar,
          minmay_shoptagon, uniq_bai_suzhen
Snake:4:  minmay_snake_end_coiled, layout_chambers, guppyfry_snake_island
Orc:1:    layout_caves
Orc:2:    st_orc_rangers, layout_caves, serial_shops, nicolae_shop_crystal,
          gammafunk_ghost_arena
Depths:1: layout_gridville, grunt_pan_entry_zigzag, hell_entry,
          grunt_decor_clamped, abyss_entry_small_statue_room, drop_trap,
          kennysheep_inner_square, grunt_megastairs_4

Skill      XL: |  1  2  3  4  5  6  7  8  9 10 11 12 13 14 15 16 17 18 |
---------------+-------------------------------------------------------+-----
Axes           | 3 4 5 6 8 9 10 11 12 13 14 | 14.0
Dodging        | 2 3 4 5 7 8 9 10 11 12 | 12.9
Fighting       | 4 5 6 8 9 10 12 13 14 15 16 | 16.3
Armour         | 3 4 5 6 7 9 10 11 12 13 14 15 16 | 16.1
Stealth        | 4 7 9 10 11 | 11.3
Shields        | 2 5 7 9 |  9.9

Action                   |  1- 3 |  4- 6 |  7- 9 | 10-12 | 13-15 | 16-18 || total
-------------------------+-------+-------+-------+-------+-------+-------++-------
Melee: Hand axe          |    91 |   143 |       |       |       |       ||   234
       Unarmed           |       |     1 |       |       |       |       ||     1
       War axe           |       |    46 |   395 |   462 |    42 |   741 ||  1686
       Broad axe         |       |       |       |       |  1405 |   270 ||  1675
Invok: Berserk           |     1 |     4 |     4 |     5 |    10 |     6 ||    30
       Trog's Hand       |       |       |     4 |       |     1 |     2 ||     7
       Brothers in Arms  |       |       |       |     1 |     6 |       ||     7
 Abil: Fly               |       |       |       |       |     1 |       ||     1
  Use: Scroll            |       |    12 |     5 |     8 |    22 |     3 ||    50
       Potion            |       |       |       |       |       |     2 ||     2
 Stab: Distracted        |       |       |       |     1 |       |       ||     1
       Sleeping          |       |       |       |       |       |     7 ||     7
  Eat: Chunk             |     2 |     9 |    15 |    14 |    36 |    20 ||    96
       Ration            |       |       |     1 |     3 |     4 |     3 ||    11
Armor: Animal skin       |    43 |    33 |       |       |       |       ||    76
       Plate armour      |       |    41 |   424 |   444 |  1109 |   492 ||  2510
Dodge: Dodged            |    59 |    77 |   264 |   402 |  1132 |   329 ||  2263
Block: Other             |       |       |    13 |    94 |   114 |       ||   221
       Reflection        |       |       |     1 |     1 |    19 |   146 ||   167
       Shield            |       |       |       |       |   448 |       ||   448
       Large shield      |       |       |       |       |   168 |  1332 ||  1500
